 Dungeon Crawl Stone Soup version 0.21-a0-344-g2144152 (webtiles) character file.

3969 tilp the Arsonist (level 10, -19/79 HPs)
             Began as a Hill Orc Fire Elementalist on Oct 3, 2017.
             Was a Priest of Okawaru.
             Demolished by an orc warrior
             ... wielding a +0 glaive
              (24 damage)
             ... on level 9 of the Dungeon on Oct 4, 2017.
             The game lasted 00:45:20 (10996 turns).

tilp the Arsonist (Hill Orc Fire Elementalist)     Turns: 10996, Time: 00:45:21

Health: -19/79     AC: 16    Str: 12    XL:     10   Next: 22%
Magic:  11/19      EV: 14    Int: 18    God:    Okawaru [***...]
Gold:   569        SH:  0    Dex: 11    Spells: 6/22 levels left

rFire    + . .     SeeInvis .   k - +2 dagger (drain)
rCold    + . .     Gourm    .   (no shield)
rNeg     . . .     Faith    .   R - +2 robe {rC+ rF+}
rPois    .         Spirit   .   E - +1 helmet
rElec    .         Reflect  .   z - +0 cloak
rCorr    .         Harm     .   c - +2 pair of gloves
MR       .....     Clarity  +   (no boots)
Stlth    ++........             (no amulet)
HPRegen  0.23/turn              r - +6 ring of protection
MPRegen  0.16/turn              (no ring)

@: no status effects
A: repulsion field 1, clarity, screaming 1
a: Heroism, Renounce Religion


You were on level 9 of the Dungeon.
You worshipped Okawaru.
Okawaru was most pleased with you.
You were not hungry.

You visited 2 branches of the dungeon, and saw 10 of its levels.
You also visited: Sewer and Ossuary.

You collected 595 gold pieces.
You spent 26 gold pieces at shops.

Inventory:

Hand Weapons
 k - a +2 dagger of draining (weapon)
 F - a +4 battleaxe
Missiles
 m - 10 tomahawks (quivered)
Armour
 c - a +2 pair of gloves (worn)
 z - a +0 cloak (worn)
 E - a +1 helmet (worn)
 R - a +2 robe of resistance (worn)
Jewellery
 r - a +6 ring of protection (left hand)
 C - an uncursed ring of protection from magic
 G - a +3 ring of evasion
 K - a +2 ring of strength
Wands
 f - a wand of confusion (18/48)
 u - a wand of digging (0/24)
 A - a wand of lightning (6/15)
 M - a wand of confusion (25/48)
 Q - a wand of polymorph (7/24)
Scrolls
 h - a scroll of immolation {unknown}
 o - 5 scrolls of teleportation
 s - 5 scrolls of enchant weapon
 w - 5 scrolls of blinking
 x - 4 scrolls of remove curse
 y - a scroll of fog {unknown}
 B - 2 scrolls of recharging {unknown}
 N - a scroll of magic mapping
 V - a scroll of vulnerability {unknown}
 W - a scroll of random uselessness {unknown}
 Y - a scroll of amnesia {unknown}
Potions
 a - a potion of magic {unknown}
 d - 2 potions of berserk rage
 e - 6 potions of flight
 g - 2 potions of mutation
 i - 2 potions of brilliance
 l - 9 potions of curing
 t - a potion of cancellation {unknown}
 v - a potion of agility {unknown}
 D - 6 potions of heal wounds
 H - 3 potions of lignification
 S - 2 potions of ambrosia
 U - a potion of haste {unknown}
Books
 b - a book of Flames

   Spells                             Type                      Level
   a - Flame Tongue                   Conjuration/Fire             1
   b - Throw Flame                    Conjuration/Fire             2
   c - Conjure Flame                  Conjuration/Fire             3
   d - Inner Flame                    Hexes/Fire                   3
   e - Sticky Flame                   Conjuration/Fire             4
   f - Fireball                       Conjuration/Fire             5
 I - a book of Maledictions

   Spells                             Type                      Level
   a - Corona                         Hexes                        1
   b - Ensorcelled Hibernation        Hexes/Ice                    2
   c - Confuse                        Hexes                        3
   d - Tukima's Dance                 Hexes                        3
   e - Dazzling Spray                 Conjuration/Hexes            3
 L - a book of Cantrips

   Spells                             Type                      Level
   a - Confusing Touch                Hexes                        1
   b - Animate Skeleton               Necromancy                   1
   c - Summon Small Mammal            Summoning                    1
   d - Apportation                    Translocation                1
 T - a book of Conjurations

   Spells                             Type                      Level
   a - Magic Dart                     Conjuration                  1
   b - Searing Ray                    Conjuration                  2
   c - Dazzling Spray                 Conjuration/Hexes            3
   d - Fulminant Prism                Conjuration/Hexes            4
   e - Force Lance                    Conjuration/Translocation    4
   f - Iskenderun's Mystic Blast      Conjuration                  4
 Z - a book of Changes

   Spells                             Type                      Level
   a - Beastly Appendage              Transmutation                1
   b - Sticks to Snakes               Transmutation                2
   c - Spider Form                    Transmutation/Poison         3
   d - Ice Form                       Ice/Transmutation            4
   e - Blade Hands                    Transmutation                5
Comestibles
 j - 7 meat rations
 p - 13 fruits
 O - 4 bread rations
 X - 5 chunks of flesh


   Skills:
 + Level 4.3 Fighting
 - Level 1.5 Dodging
 - Level 1.5 Stealth
 + Level 6.6 Spellcasting
 - Level 8.2 Conjurations
 - Level 9.0 Fire Magic


You had 6 spell levels left.
You knew the following spells:

 Your Spells              Type           Power        Failure   Level  Hunger
a - Flame Tongue          Conj/Fire      #####        1%          1    None
b - Throw Flame           Conj/Fire      #####.       1%          2    None
c - Conjure Flame         Conj/Fire      #####...     1%          3    ##.....
d - Sticky Flame          Conj/Fire      #####...     3%          4    ####...
e - Animate Skeleton      Necr           N/A          11%         1    None
f - Apportation           Tloc           #.....       11%         1    None
g - Iskenderun's Mystic   Conj           #####...     3%          4    ####...


Dungeon Overview and Level Annotations

Branches:
Dungeon (9/15)             Temple (1/1) D:6
   Lair: D:8-11         Orc: D:9-12

Altars:
Ashenzari
Dithmenos
Elyvilon
Fedhas
Gozag
Hepliaklqana
Kikubaaqudgha
Makhleb
Nemelex Xobeh
Okawaru
Qazlal
Ru
Sif Muna
Trog
Uskayaw
Vehumet
Wu Jian
Xom
Yredelemnul
Zin
The Shining One

Shops:
D:9 ?

Annotations:
D:4 nikopol's ghost, amateur GrBe


Innate Abilities, Weirdness & Mutations

You are surrounded by a mild repulsion field. (EV +2)
You possess an exceptional clarity of mind.
You occasionally shout uncontrollably at your foes.


Message History

You hit the orc warrior but do no damage.
The orc warrior is moderately wounded.
The orc warrior burns!
The orc warrior hits you with a glaive!!
You barely miss the orc warrior.
The orc warrior is heavily wounded.
The orc warrior burns!
The orc warrior hits you with a glaive!
* * * LOW HITPOINT WARNING * * *
Casting: Sticky Flame
Confirm with . or Enter, or press ? or * to list all spells.
Aiming: Flame Tongue
Press: ? - help, Shift-Dir - straight line, f/p - orc warrior
Aim: an orc warrior, wielding a glaive and wearing a chain mail (severely wounded, covered in liquid flames)
The flame tongue hits the orc warrior.
The orc warrior appears unharmed.
The orc warrior is severely wounded.
The orc warrior burns!
The orc warrior stops burning.
The orc warrior hits you with a glaive!
* * * LOW HITPOINT WARNING * * *
The orc warrior hits you from afar with a glaive!!
You die...

.. ....# #...#
.. #.##.#
######...# ..
.. #.###
##....Z...# #.#
#....#
#..####...#
..## ##..##.##
#...# .!....
#..#.# ##.##
#.... #...###
#..
#.....###.....#
#...
#..)o.@.###
#..#
........#####
..# #####...#
#..... .....#.
..###. .# .##
#. .. ## ##


You could see an orc warrior.

Vanquished Creatures
  A two-headed ogre (D:9)
  Grinder (D:4)
  Sigmund (D:3)
  Menkaure (D:4)
  2 orc warriors (D:7)
  A sky beast (D:6)
  3 ogres
  The ghost of tilp the Firebug, an amateur HOFE (D:3)
  2 centaurs
  A big kobold (Sewer)
  3 bullfrogs (D:8)
  A wyvern zombie (D:9)
  5 water moccasin zombies (Ossuary)
  A bullfrog zombie (D:6)
  2 jellies
  2 centaur zombies
  5 hounds
  5 orc priests
  Crazy Yiuf (D:4)
  A centaur skeleton (D:7)
  6 orc wizards
  A bullfrog skeleton (D:5)
  3 iguanas
  5 worker ants
  Ijyb (D:4)
  2 big kobold zombies (Ossuary)
  A hound zombie (D:9)
  A hound skeleton (D:7)
  2 mummies (Ossuary)
  A howler monkey skeleton (D:8)
  4 gnolls (D:8)
  7 adders
  3 river rats (Sewer)
  2 shadow imps
  8 adder zombies
  2 adder skeletons
  6 worms
  A dart slug (D:2)
  4 leopard geckos
  28 orcs
  5 bats (D:2)
  2 giant cockroaches
  2 gnoll zombies (Ossuary)
  4 hobgoblins
  4 jackals
  6 kobolds
  2 quokkas
  A ball python (D:4)
  4 frilled lizards
  4 goblins
  4 hobgoblin zombies (Ossuary)
  4 kobold zombies (Ossuary)
  3 orc zombies (Ossuary)
  5 rats
178 creatures vanquished.

Vanquished Creatures (collateral kills)
  A hippogriff (D:9)
  A sky beast (D:9)
  An iguana (D:9)
  An orc (D:9)
  A jackal (D:9)
5 creatures vanquished.

Vanquished Creatures (others)
  A fungus (D:4)
1 creature vanquished.

Grand Total: 184 creatures vanquished

Notes
Turn   | Place    | Note
-------+----------+-------------------------------------------
     0 | D:1      | tilp the Hill Orc Fire Elementalist began the quest for the Orb.
     0 | D:1      | Reached XP level 1. HP: 14/14 MP: 3/3
   210 | D:1      | Reached XP level 2. HP: 16/20 MP: 4/4
   221 | D:1      | Learned a level 2 spell: Throw Flame
  1161 | D:2      | Reached XP level 3. HP: 26/26 MP: 6/6
  1166 | D:2      | Learned a level 3 spell: Conjure Flame
  1677 | D:3      | Reached skill level 4 in Fire Magic
  1677 | D:3      | Reached XP level 4. HP: 22/33 MP: 2/7
  1801 | D:3      | Noticed tilp's ghost (amateur HOFE)
  1940 | D:3      | Noticed Sigmund
  2230 | D:3      | Found a shattered altar of Ashenzari.
  2305 | D:2      | Reached XP level 5. HP: 35/38 MP: 8/8
  2772 | D:4      | Noticed nikopol's ghost (amateur GrBe)
  2999 | D:4      | Found an opulent altar of Gozag.
  3078 | D:4      | Noticed Menkaure
  3084 | D:4      | Killed Menkaure
  3084 | D:4      | Reached skill level 5 in Fire Magic
  3084 | D:4      | Reached XP level 6. HP: 31/45 MP: 1/10
  3279 | D:4      | Noticed Grinder
  3644 | D:4      | Upgraded the game from 0.21-a0-338-g36cf2fc to 0.21-a0-344-g2144152
  3883 | D:4      | Found a runed door.
  3896 | D:4      | Noticed Ijyb
  3913 | D:4      | Killed Ijyb
  4164 | D:5      | Entered Level 5 of the Dungeon
  4223 | D:5      | Learned a level 4 spell: Sticky Flame
  4309 | D:5      | Found a glowing drain.
  4332 | Sewer    | Entered a sewer
  4361 | Sewer    | Reached XP level 7. HP: 37/50 MP: 4/12
  4593 | Sewer    | Found a white marble altar of Elyvilon.
  4778 | D:5      | Found a bloodstained altar of Trog.
  4832 | D:5      | Learned a level 1 spell: Animate Skeleton
  4834 | D:5      | Learned a level 1 spell: Apportation
  4868 | D:5      | Found a sparkling altar of Nemelex Xobeh.
  4989 | D:5      | Reached skill level 6 in Fire Magic
  5345 | D:6      | Reached skill level 5 in Conjurations
  5405 | D:6      | Reached XP level 8. HP: 57/57 MP: 10/14
  5740 | D:6      | Found a staircase to the Ecumenical Temple.
  5746 | Temple   | Entered the Ecumenical Temple
  5788 | Temple   | Became a worshipper of Warmaster Okawaru
  6206 | D:3      | Killed tilp's ghost
  6428 | D:3      | Killed Sigmund
  6529 | D:4      | Paralysed by Grinder for 2 turns
  6541 | D:4      | Killed Grinder
  6541 | D:4      | Reached skill level 7 in Fire Magic
  6741 | D:4      | Noticed Crazy Yiuf
  6745 | D:4      | Killed Crazy Yiuf
  7119 | D:7      | Reached * piety under Okawaru
  7567 | D:7      | Reached skill level 5 in Spellcasting
  7672 | D:7      | Reached XP level 9. HP: 19/62 MP: 4/16
  8013 | D:7      | Reached skill level 8 in Fire Magic
  8587 | D:7      | Found a sparkling altar of Nemelex Xobeh.
  8614 | D:7      | Reached ** piety under Okawaru
  9111 | D:8      | Found a sand-covered staircase.
  9120 | D:8      | Learned a level 4 spell: Iskenderun's Mystic Blast
  9121 | Ossuary  | Entered an ossuary
 10165 | D:8      | Found a sparkling altar of Nemelex Xobeh.
 10240 | D:8      | Reached skill level 9 in Fire Magic
 10407 | D:8      | Found a white marble altar of Elyvilon.
 10661 | D:9      | Found Wooh's Magic Scroll Shop.
 10664 | D:9      | Bought a scroll of identify for 26 gold pieces
 10672 | D:9      | Reached skill level 1 in Fighting
 10675 | D:9      | Noticed a two-headed ogre
 10687 | D:9      | Killed a two-headed ogre
 10687 | D:9      | Reached XP level 10. HP: 53/77 MP: 7/19
 10793 | D:9      | Reached *** piety under Okawaru
 10842 | D:9      | Gained mutation: You have a pair of small horns on your head. [mutagenic meat]
 10843 | D:9      | Gained mutation: You occasionally shout uncontrollably at your foes. [mutagenic meat]
 10844 | D:9      | Gained mutation: You possess an exceptional clarity of mind. [mutagenic meat]
 10845 | D:9      | Lost mutation: You have a pair of small horns on your head. [potion of mutation]
 10845 | D:9      | Lost mutation: You possess an exceptional clarity of mind. [potion of mutation]
 10845 | D:9      | Lost mutation: You occasionally shout uncontrollably at your foes. [potion of mutation]
 10845 | D:9      | Gained mutation: You are surrounded by a mild repulsion field. (EV +2) [potion of mutation]
 10845 | D:9      | Gained mutation: You occasionally shout uncontrollably at your foes. [potion of mutation]
 10845 | D:9      | Gained mutation: You possess an exceptional clarity of mind. [potion of mutation]
 10996 | D:9      | Demolished by an orc warrior

Vault maps used:
D:1:      dpeg_arrival_arbitrary_c, corexii_leaking_fountain, st_stairs_8
D:3:      ashenzari_conservatory_becter, uniq_sigmund
D:4:      kennysheep_mini_moat, uniq_menkaure, uniq_grinder,
          uniq_crazy_yiuf_cottage, uniq_ijyb
D:5:      overflow_temple_1_default, basic_altar, portal_sewer_entry_d,
          first_bread
D:6:      minmay_temple_entry_statues, grunt_decor_clamped
D:7:      nemelex_xobeh_ov_fountains_minmay, grunt_ogre_cave
D:8:      elyvilon_altar_3, basic_altar, enter_ossuary_2, kennysheep_doodads
D:9:      slow_altar_2, serial_shops, shop, shop, nicolae_shop_crystal
Temple:   nicolae_temple_elliptical
Sewer:    sewer_kobolds
Ossuary:  ossuary_tomb_2

Skill      XL: |  1  2  3  4  5  6  7  8  9 10 |
---------------+-------------------------------+-----
Spellcasting   | 2 3 4 5 6 |  6.6
Conjurations   | 2 3 4 5 6 8 |  8.2
Fire Magic     | 4 5 6 7 9 |  9.0
Fighting       | 3 4 |  4.3
Dodging        | |  1.5
Stealth        | |  1.5

Action                   |  1- 3 |  4- 6 |  7- 9 | 10-12 || total
-------------------------+-------+-------+-------+-------++-------
Melee: Spear             |     6 |       |       |       ||     6
       Dagger            |    40 |    69 |   417 |    37 ||   563
Throw: Stone             |     6 |     5 |       |       ||    11
 Cast: Flame Tongue      |    21 |    53 |   139 |    20 ||   233
       Conjure Flame     |       |     5 |    13 |       ||    18
       Throw Flame       |       |     1 |    12 |       ||    13
       Sticky Flame      |       |     1 |    26 |     3 ||    30
       Animate Skeleton  |       |       |       |     1 ||     1
Evoke: Wand              |       |       |     1 |       ||     1
  Use: Scroll            |       |     1 |    16 |     1 ||    18
       Potion            |       |       |       |     1 ||     1
 Stab: Sleeping          |     1 |     1 |       |       ||     2
  Eat: Chunk             |     2 |     2 |    15 |     5 ||    24
       Bread ration      |     1 |       |     1 |       ||     2
       Royal jelly       |       |     2 |     3 |       ||     5
Armor: Robe              |    11 |    34 |   179 |    25 ||   249
Dodge: Dodged            |    28 |    62 |   225 |    31 ||   346

Table legend:
 A = Spawn XP
 B = Non-spawn XP
 C = Spawn XP percentage of total XP
 D = Spawn monster count
 E = Non-spawn monster count
 F = Spawn count percentage of total count
 G = Total turns spent on level
                    A         B        C        D         E        F      G
               +---------+---------+-------+---------+---------+-------+---------
         Total |       0 |    5671 |   0.0 |       0 |     183 |   0.0 | 10996
               +---------+---------+-------+---------+---------+-------+---------
           D:1 |       0 |      12 |   0.0 |       0 |       9 |   0.0 |   737
           D:2 |       0 |      57 |   0.0 |       0 |      19 |   0.0 |  1218
           D:3 |       0 |     437 |   0.0 |       0 |      12 |   0.0 |  1600
           D:4 |       0 |     585 |   0.0 |       0 |       8 |   0.0 |  1437
           D:5 |       0 |     313 |   0.0 |       0 |      12 |   0.0 |   788
           D:6 |       0 |     294 |   0.0 |       0 |       8 |   0.0 |   836
           D:7 |       0 |    1166 |   0.0 |       0 |      29 |   0.0 |  1916
           D:8 |       0 |     589 |   0.0 |       0 |      30 |   0.0 |  1091
           D:9 |       0 |    1556 |   0.0 |       0 |      17 |   0.0 |   335
         Sewer |       0 |     142 |   0.0 |       0 |      11 |   0.0 |   304
       Ossuary |       0 |     520 |   0.0 |       0 |      28 |   0.0 |   578
               +---------+---------+-------+---------+---------+-------+---------
